ABL
MANLY-WARRINGAH SEA EAGLES @ NORTH SYDNEY BEARS
04/04/2022
 
TOP OF THE 1ST
Manly-Warringah Sea Eagles batting - Pitching for North Sydney Bears : RHP Mike Agar
Pitching: RHP Mike Agar
Batting: LHB Tris Malcolm 0-0: Called Strike
0-1: Ball
1-1: SOLO HOME RUN (Flyball, 7D, EV 102.5 MPH), Distance : 394 ft
Batting: LHB Leigh Seldon 0-0: Called Strike
0-1: Swinging Strike
0-2: Ball
1-2: Ball
2-2: Strikes out swinging
Batting: RHB Bill Warburton 0-0: Ball
1-0: Called Strike
1-1: Called Strike
1-2: Ground out 5-3 (Groundball, 5, EV 90.6 MPH)
Batting: LHB Clem Ballard 0-0: Ball
1-0: Ball
2-0: Called Strike
2-1: Ball
3-1: Called Strike
3-2: SINGLE (Groundball, 34D, EV 102.5 MPH)
Batting: RHB Matthew Adam 0-0: Fly out, F8 (Flyball, 8RM, EV 91.9 MPH)
Top of the 1st over - 1 run, 2 hits, 0 errors, 1 left on base; Manly-Warringah 1 - North Sydney 0
BOTTOM OF THE 1ST
North Sydney Bears batting - Pitching for Manly-Warringah Sea Eagles : RHP Shell Grogan
Pitching: RHP Shell Grogan
Batting: LHB Jofet Triga 0-0: Called Strike
0-1: Ground out 6-3 (Groundball, 6, EV 90.6 MPH)
Batting: LHB Joey Guildford 0-0: Swinging Strike
0-1: Ball
1-1: Swinging Strike
1-2: Foul Ball, location: 9LSF
1-2: Fly out, F8 (Flyball, 8LD, EV 86.9 MPH)
Batting: RHB Conrad Verberne 0-0: Swinging Strike
0-1: Ball
1-1: Called Strike
1-2: Strikes out swinging
Bottom of the 1st over - 0 runs, 0 hits, 0 errors, 0 left on base; Manly-Warringah 1 - North Sydney 0
TOP OF THE 2ND
Manly-Warringah Sea Eagles batting - Pitching for North Sydney Bears : RHP Mike Agar
Batting: RHB Chris Strutt 0-0: Ball
1-0: Swinging Strike
1-1: Ground out U3 (Groundball, 34, EV 96.3 MPH)
Batting: LHB Greg Mundine 0-0: Ball
1-0: Ball
2-0: Ball
3-0: Called Strike
3-1: Called Strike
3-2: Strikes out swinging
Batting: RHB Owen Shufflebottom 0-0: Fly out, F8 (Flyball, 8LM, EV 79.4 MPH)
Top of the 2nd over - 0 runs, 0 hits, 0 errors, 0 left on base; Manly-Warringah 1 - North Sydney 0
BOTTOM OF THE 2ND
North Sydney Bears batting - Pitching for Manly-Warringah Sea Eagles : RHP Shell Grogan
Batting: LHB Jonathan Hoolahan 0-0: Ball
1-0: Fly out, F2 (Popup, 3SF, EV 75.6 MPH)
Batting: RHB Noel Wakeling 0-0: Called Strike
0-1: Foul Ball, location: 2LF
0-2: Strikes out looking
Batting: LHB Trent Northam 0-0: Foul Ball, location: 2F
0-1: Ball
1-1: Foul Ball, location: 3F
1-2: Ball
2-2: Ball
3-2: Strikes out looking
Bottom of the 2nd over - 0 runs, 0 hits, 0 errors, 0 left on base; Manly-Warringah 1 - North Sydney 0
TOP OF THE 3RD
Manly-Warringah Sea Eagles batting - Pitching for North Sydney Bears : RHP Mike Agar
Batting: RHB Shell Grogan 0-0: Foul Ball, location: 9LMF
0-1: Foul Ball, location: 9LSFF
0-2: Strikes out swinging
Batting: LHB Tris Malcolm 0-0: Called Strike
0-1: Swinging Strike
0-2: Ball
1-2: Ball
2-2: Ground out U3 (Groundball, 3S, EV 88.8 MPH)
Batting: LHB Leigh Seldon 0-0: Ball
1-0: Ball
2-0: Ball
3-0: Base on Balls
Batting: RHB Bill Warburton 0-0: Ball
1-0: Foul Ball, location: 23F
1-1: Ball
2-1: Foul Ball, location: 2F
2-2: Strikes out swinging
Top of the 3rd over - 0 runs, 0 hits, 0 errors, 1 left on base; Manly-Warringah 1 - North Sydney 0
BOTTOM OF THE 3RD
North Sydney Bears batting - Pitching for Manly-Warringah Sea Eagles : RHP Shell Grogan
Batting: RHB Joel Brady 0-0: Called Strike
0-1: Foul Ball, location: 2F
0-2: Foul Ball, location: 25F
0-2: Ball
1-2: Ball
2-2: Foul Ball, location: 5F
2-2: Ground out 6-3 (Groundball, 6, EV 83.1 MPH)
Batting: LHB Tommie Lovatt 0-0: Foul Ball, location: 2F
0-1: Ball
1-1: Swinging Strike
1-2: Foul Ball, location: 7LMF
1-2: Foul Ball, location: 3DF
1-2: Strikes out swinging
Batting: RHB Mike Agar 0-0: Called Strike
0-1: Ball
1-1: Fly out, F9 (Flyball, 9, EV 88.1 MPH)
Bottom of the 3rd over - 0 runs, 0 hits, 0 errors, 0 left on base; Manly-Warringah 1 - North Sydney 0
TOP OF THE 4TH
Manly-Warringah Sea Eagles batting - Pitching for North Sydney Bears : RHP Mike Agar
Batting: LHB Clem Ballard 0-0: Called Strike
0-1: Foul Ball, location: 2F
0-2: Ball
1-2: Foul Ball, location: 2F
1-2: Ground out 4-3 (Groundball, 4, EV 89.4 MPH)
Batting: RHB Matthew Adam 0-0: Ball
1-0: Ball
2-0: Ball
3-0: Called Strike
3-1: Swinging Strike
3-2: Fly out, F3 (Popup, 3F, EV 76.3 MPH)
Batting: RHB Chris Strutt 0-0: Ball
1-0: Ground out 5-3 (Groundball, 56, EV 79.4 MPH)
Top of the 4th over - 0 runs, 0 hits, 0 errors, 0 left on base; Manly-Warringah 1 - North Sydney 0
BOTTOM OF THE 4TH
North Sydney Bears batting - Pitching for Manly-Warringah Sea Eagles : RHP Shell Grogan
Batting: LHB Jofet Triga 0-0: Foul Ball, location: 3SF
0-1: Swinging Strike
0-2: Strikes out swinging
Batting: LHB Joey Guildford 0-0: Ball
1-0: Called Strike
1-1: Swinging Strike
1-2: Fly out, F8 (Flyball, 8LM, EV 75.0 MPH)
Batting: RHB Conrad Verberne 0-0: Ball
1-0: SOLO HOME RUN (Flyball, 78XD, EV 101.3 MPH), Distance : 397 ft
Batting: LHB Jonathan Hoolahan 0-0: Hit by Pitch
Batting: RHB Noel Wakeling 0-0: Called Strike
0-1: Ball
1-1: Fly out, F8 (Flyball, 78M, EV 91.9 MPH)
Bottom of the 4th over - 1 run, 1 hit, 0 errors, 1 left on base; Manly-Warringah 1 - North Sydney 1
TOP OF THE 5TH
Manly-Warringah Sea Eagles batting - Pitching for North Sydney Bears : RHP Mike Agar
Batting: LHB Greg Mundine 0-0: Swinging Strike
0-1: Called Strike
0-2: Strikes out looking
Batting: RHB Owen Shufflebottom 0-0: Ball
1-0: Ball
2-0: Ball
3-0: Called Strike
3-1: Base on Balls
Batting: RHB Shell Grogan 0-0: Sac Bunt to 2R - play at first, batter OUT! 2-3
Owen Shufflebottom to second
Batting: LHB Tris Malcolm 0-0: Ball
1-0: Ball
2-0: Ball
3-0: Called Strike
3-1: Swinging Strike
3-2: Base on Balls
Batting: LHB Leigh Seldon 0-0: Swinging Strike
0-1: Called Strike
0-2: Strikes out swinging
Top of the 5th over - 0 runs, 0 hits, 0 errors, 2 left on base; Manly-Warringah 1 - North Sydney 1
BOTTOM OF THE 5TH
North Sydney Bears batting - Pitching for Manly-Warringah Sea Eagles : RHP Shell Grogan
Batting: LHB Trent Northam 0-0: Called Strike
0-1: Foul Ball, location: 7LDF
0-2: Ground out 1-3 (Groundball, P, EV 68.1 MPH)
Batting: RHB Joel Brady 0-0: Foul Ball, location: 2F
0-1: Called Strike
0-2: Ball
1-2: Foul Ball, location: 2F
1-2: Ground out 6-3 (Groundball, 6, EV 88.1 MPH)
Batting: LHB Tommie Lovatt 0-0: Called Strike
0-1: Swinging Strike
0-2: Foul Ball, location: 25F
0-2: Ground out 6-3 (Groundball, 6, EV 93.1 MPH)
Bottom of the 5th over - 0 runs, 0 hits, 0 errors, 0 left on base; Manly-Warringah 1 - North Sydney 1
TOP OF THE 6TH
Manly-Warringah Sea Eagles batting - Pitching for North Sydney Bears : RHP Mike Agar
Batting: RHB Bill Warburton 0-0: Called Strike
0-1: Ball
1-1: Fly out, F8 (Flyball, 8LM, EV 78.8 MPH)
Batting: LHB Clem Ballard 0-0: Ball
1-0: Foul Ball, location: 3FF
1-1: Ball
2-1: Called Strike
2-2: Ball
3-2: Strikes out swinging
Batting: RHB Matthew Adam 0-0: Ball
1-0: Swinging Strike
1-1: Foul Ball, location: 2F
1-2: Strikes out looking
Top of the 6th over - 0 runs, 0 hits, 0 errors, 0 left on base; Manly-Warringah 1 - North Sydney 1
BOTTOM OF THE 6TH
North Sydney Bears batting - Pitching for Manly-Warringah Sea Eagles : RHP Shell Grogan
Batting: RHB Mike Agar 0-0: Ball
1-0: Swinging Strike
1-1: Foul Ball, location: 2F
1-2: Strikes out swinging
Batting: LHB Jofet Triga 0-0: Called Strike
0-1: Called Strike
0-2: Foul Ball, location: 25FF
0-2: Ball
1-2: Ball
2-2: Ball
3-2: Foul Ball, location: 2F
3-2: SINGLE (Groundball, 34D, EV 99.4 MPH)
Batting: LHB Joey Guildford 0-0: Foul Ball, location: 7LMF
0-1: Ball
1-1: Ball
2-1: Ball
3-1: Called Strike
Jofet Triga steals 2nd base (no throw)
3-2: Ground out U3 (Groundball, 3, EV 84.4 MPH)
Jofet Triga to third
Batting: RHB Conrad Verberne 0-0: Foul Ball, location: 25F
0-1: Called Strike
0-2: Ball
1-2: Foul Ball, location: 23F
1-2: Strikes out swinging
Bottom of the 6th over - 0 runs, 1 hit, 0 errors, 1 left on base; Manly-Warringah 1 - North Sydney 1
TOP OF THE 7TH
Manly-Warringah Sea Eagles batting - Pitching for North Sydney Bears : RHP Mike Agar
Batting: RHB Chris Strutt 0-0: Ground out 6-3 (Groundball, 6, EV 100.6 MPH)
Batting: LHB Greg Mundine 0-0: Fly out, F8 (Line Drive, 8RM, EV 103.8 MPH)
Batting: RHB Owen Shufflebottom 0-0: Ball
1-0: Ball
2-0: Foul Ball, location: 2F
2-1: Reached on error, E6 (Groundball, 6, EV 101.9 MPH)
Batting: RHB Shell Grogan 0-0: Ball
1-0: Swinging Strike
1-1: Called Strike
1-2: Foul Ball, location: 2F
1-2: Ball
2-2: Ball
3-2: Strikes out swinging
Top of the 7th over - 0 runs, 0 hits, 1 error, 1 left on base; Manly-Warringah 1 - North Sydney 1
BOTTOM OF THE 7TH
North Sydney Bears batting - Pitching for Manly-Warringah Sea Eagles : RHP Shell Grogan
Batting: LHB Jonathan Hoolahan 0-0: Ball
1-0: Ball
2-0: Ball
3-0: SINGLE (Line Drive, 9S, EV 88.1 MPH)
Batting: RHB Noel Wakeling 0-0: Ball
1-0: SINGLE (Line Drive, 8RS, EV 105.6 MPH)
Jonathan Hoolahan to second
Batting: LHB Trent Northam 0-0: Ball
1-0: Ball
2-0: Ball
3-0: Called Strike
3-1: Foul Ball, location: 3F
3-2: Grounds into double play, 4-6-3 (Groundball, 4M, EV 105.6 MPH)
Jonathan Hoolahan to third
Batting: RHB Joel Brady 0-0: Called Strike
0-1: Ground out 6-3 (Groundball, 56D, EV 110.6 MPH)
Bottom of the 7th over - 0 runs, 2 hits, 0 errors, 1 left on base; Manly-Warringah 1 - North Sydney 1
TOP OF THE 8TH
Manly-Warringah Sea Eagles batting - Pitching for North Sydney Bears : RHP Mike Agar
Pitching: LHP Darren Golafre
Pinch Hitting: RHB Orrin Callesen 0-0: Swinging Strike
0-1: Swinging Strike
0-2: Foul Ball, location: 2F
0-2: Ball
1-2: Strikes out swinging
Pinch Hitting: RHB Bill Agar 0-0: Called Strike
0-1: Ball
1-1: Ball
2-1: Ground out 4-3 (Groundball, 34D, EV 102.5 MPH)
Pitching: RHP Ronnie Hookey
Batting: RHB Bill Warburton 0-0: Swinging Strike
0-1: Foul Ball, location: 7LSF
0-2: Strikes out swinging
Top of the 8th over - 0 runs, 0 hits, 0 errors, 0 left on base; Manly-Warringah 1 - North Sydney 1
BOTTOM OF THE 8TH
North Sydney Bears batting - Pitching for Manly-Warringah Sea Eagles : RHP Shell Grogan
Now in LF: Bill Agar
Now in CF: Gregg Boothroyd
Batting: LHB Tommie Lovatt 0-0: Foul Ball, location: 3F
0-1: Ball
1-1: Ball
2-1: Called Strike
2-2: Foul Ball, location: 2F
2-2: Ball
3-2: Ground out 6-3 (Groundball, 4MS, EV 83.8 MPH)
Pinch Hitting: SHB Tas Monroe 0-0: Called Strike
0-1: Ball
1-1: Ball
2-1: Foul Ball, location: 5SF
2-2: Ball
3-2: Fly out, F6 (Popup, 6, EV 61.3 MPH)
Batting: LHB Jofet Triga 0-0: Foul Ball, location: 25F
0-1: Foul Ball, location: 2F
0-2: Ball
1-2: Ball
2-2: Ground out 1-3 (Groundball, P, EV 76.3 MPH)
Bottom of the 8th over - 0 runs, 0 hits, 0 errors, 0 left on base; Manly-Warringah 1 - North Sydney 1
TOP OF THE 9TH
Manly-Warringah Sea Eagles batting - Pitching for North Sydney Bears : RHP Ronnie Hookey
Pitching: RHP Luke Sarkies
Batting: LHB Clem Ballard 0-0: Ball
1-0: Called Strike
1-1: Called Strike
1-2: Fly out, F8 (Flyball, 78M, EV 90.0 MPH)
Pinch Hitting: LHB Ray Richard 0-0: Foul Ball, location: 23F
0-1: Ball
1-1: Called Strike
1-2: DOUBLE (Flyball, 78XD, EV 106.3 MPH)
Batting: RHB Chris Strutt 0-0: Called Strike
0-1: Ball
1-1: 2-RUN HOME RUN (Flyball, 78XD, EV 102.5 MPH), Distance : 408 ft
Batting: LHB Greg Mundine 0-0: Swinging Strike
0-1: Swinging Strike
0-2: Ground out 5-3 (Groundball, 56, EV 80.6 MPH)
Batting: RHB Owen Shufflebottom 0-0: Called Strike
0-1: Ball
1-1: Foul Ball, location: 9LSF
1-2: Ball
2-2: Foul Ball, location: 2F
2-2: Foul Ball, location: 9LMF
2-2: Fly out, F7 (Flyball, 78M, EV 93.1 MPH)
Top of the 9th over - 2 runs, 2 hits, 0 errors, 0 left on base; Manly-Warringah 3 - North Sydney 1
BOTTOM OF THE 9TH
North Sydney Bears batting - Pitching for Manly-Warringah Sea Eagles : RHP Shell Grogan
Pitching: RHP Sean Musgrave
Now at 1B: Ray Richard
Now at 2B: Gregg Boothroyd
Now in CF: Greg Sandall
Now in RF: Josh Reed
Batting: LHB Joey Guildford 0-0: Fly out, F9 (Flyball, 89D, EV 103.1 MPH)
Batting: RHB Conrad Verberne 0-0: Called Strike
0-1: Foul Ball, location: 9LDF
0-2: Strikes out swinging
Batting: LHB Jonathan Hoolahan 0-0: Swinging Strike
0-1: Ball
1-1: Foul Ball, location: 7LSF
1-2: Ball
2-2: Hit by Pitch
Batting: RHB Noel Wakeling 0-0: Swinging Strike
0-1: Swinging Strike
0-2: Ball
1-2: Foul Ball, location: 23F
1-2: Strikes out swinging
Bottom of the 9th over - 0 runs, 0 hits, 0 errors, 1 left on base; Manly-Warringah 3 - North Sydney 1
Sunday, April 21st , 2024 - OOTP Baseball 24.9 Build 80